AoeStats
← McFly

Baltic

510800032Analyzed
4v4 RM · 15h ago on Oct 2, 2026· 51m 23s· 8 players
Game mode
Random Map
Map size
Large (8 player)
Population
200
Speed
Normal
Resources
Standard
Victory
Conquest
Starting age
Dark Age
Ending age
Imperial Age
RankedLock teamsTeams togetherTeam positionsShared explorationLock speedFull tech treeHidden civsTurbo modeCheats
Victory
Defeat
🇹🇼 Spanish · Taiwan
978
+16
🇺🇸 Japanese · United States
930
+18
🇨🇳 Mongols · China
926
+18
🇦🇷 Poles · Argentina
895
+18
994
-19
🇨🇦 Varangians · Canada
961
-17
🇪🇸 Vikings · Spain
950
-17
🇦🇷 Tatars · Argentina
948
-17
SgtSpookjohnson
7:35 Loom
15:13 Feudal Age
17:28 Double-Bit Axe
17:36 Gold Mining
20:35 Castle Age
23:08 Wheelbarrow
26:37 Horse Collar
32:28 Imperial Age
31:54 Heavy Plow
33:13 Scale Barding Armor
32:59 Fletching
33:58 Caravan
36:00 Conscription
36:29 Squires
36:23 Arson
36:00 Elite Varangian Guard
36:53 Bodkin Arrow
38:17 Elite Jarl
42:03 Bow Saw
42:09 Crossbowman
43:22 Ballistics
44:05 Chemistry
43:35 Heavy Mounted Crossbowman
45:26 Bracer
45:27 Padded Archer Armor
45:49 Chain Barding Armor
45:41 Forging
45:58 Cranequins
crepysa
8:54 Loom
10:59 Feudal Age
11:30 Double-Bit Axe
12:38 Fishing Lines
17:01 Castle Age
14:52 Horse Collar
17:47 Wheelbarrow
17:32 Gold Mining
17:33 Stone Mining
17:55 Bow Saw
17:34 Town Watch
18:52 Fletching
19:07 Heavy Plow
20:10 Medium Warships
20:49 Hand Cart
29:22 Imperial Age
28:00 Forging
27:47 Bodkin Arrow
28:19 Ballistics
27:41 Treadmill Crane
27:56 Murder Holes
28:43 Caravan
28:52 Bodkin Arrow
29:33 Iron Casting
28:59 Scale Mail Armor
29:04 Padded Archer Armor
29:10 Scale Barding Armor
30:08 Bracer
31:27 Chemistry
30:34 Siege Engineers
31:04 Masonry
31:24 Town Patrol
32:57 Blast Furnace
32:23 Conscription
32:09 Silk Armor
32:54 Chain Barding Armor
33:29 Leather Archer Armor
35:08 Plate Barding Armor
35:04 Ring Archer Armor
33:57 Elite Skirmisher
35:37 Heavy Cavalry Archer
37:41 Bloodlines
38:02 Husbandry
38:47 Timurid Siegecraft
38:01 Light Cavalry
38:02 Elite Steppe Lancer
38:06 Heavy Camel Rider
39:07 Hussar
McFly
0:27 Loom
14:22 Feudal Age
15:47 Gold Mining
15:51 Double-Bit Axe
15:46 Man-at-Arms
16:42 Fishing Lines
17:47 Arson
18:08 Scale Mail Armor
22:26 Castle Age
20:50 Fletching
21:02 Padded Archer Armor
22:43 Elite Skirmisher
23:51 Town Watch
25:32 Bodkin Arrow
28:19 Gillnets
33:15 Stone Mining
34:01 Gold Shaft Mining
37:06 Medium Warships
42:14 Imperial Age
40:05 Bow Saw
Я невероятный
10:32 Feudal Age
10:58 Horse Collar
11:04 Double-Bit Axe
12:07 Loom
17:30 Castle Age
16:07 Fletching
16:17 Padded Archer Armor
18:34 Bow Saw
17:55 Crossbowman
19:26 Town Watch
24:04 Ballistics
24:13 Heavy Plow
24:54 Wheelbarrow
25:10 Bodkin Arrow
25:25 Gold Mining
28:57 Thumb Ring
31:03 Caravan
31:54 Hand Cart
35:23 Imperial Age
34:14 Leather Archer Armor
34:18 Stone Mining
35:09 Town Patrol
36:59 Paper Money
37:22 Arbalester
39:04 Chemistry
41:00 Ring Archer Armor
40:30 Bracer
43:16 Bloodlines
43:06 Husbandry
43:23 Scale Barding Armor
43:28 Forging
43:54 Fortified Wall
43:40 Murder Holes
44:54 Elite Battle Elephant
FettNasty
14:34 Feudal Age
19:56 Castle Age
18:13 Horse Collar
18:21 Double-Bit Axe
19:10 Padded Archer Armor
19:04 Fletching
19:12 Stone Mining
20:38 Wheelbarrow
20:08 Scale Mail Armor
21:26 Bow Saw
21:12 Gold Mining
22:35 Hand Cart
25:03 Chain Mail Armor
24:59 Forging
24:45 Bodkin Arrow
25:21 Heavy Plow
26:57 Gold Shaft Mining
35:32 Imperial Age
33:04 Town Watch
33:56 Iron Casting
33:36 Squires
33:21 Arson
34:14 Town Patrol
34:29 Padded Archer Armor
37:19 Blast Furnace
37:08 Conscription
37:40 Elite Samurai
38:25 Bracer
38:55 Plate Mail Armor
39:51 Two-Man Saw
39:43 Ballistics
39:34 Fortified Wall
39:06 Treadmill Crane
you go die
5:05 Loom
12:35 Feudal Age
14:49 Double-Bit Axe
17:51 Castle Age
16:15 Horse Collar
17:30 Gold Mining
17:30 Stone Mining
20:41 Wheelbarrow
21:18 Heavy Plow
25:31 Town Watch
28:15 Hand Cart
33:29 Imperial Age
31:16 Crossbowman
32:01 Thumb Ring
32:15 Forging
31:55 Fletching
32:06 Padded Archer Armor
34:19 Bloodlines
34:09 Husbandry
34:37 Szlachta Privileges
33:53 Elite Obuch
34:23 Arbalester
36:38 Chemistry
35:59 Ballistics
35:20 Treadmill Crane
37:59 Iron Casting
37:19 Bodkin Arrow
37:40 Leather Archer Armor
37:27 Scale Mail Armor
37:32 Scale Barding Armor
38:15 Elite Skirmisher
46:00 Cavalier
47:34 Szlachta Privileges
極易電腦
11:48 Feudal Age
10:49 Loom
12:37 Double-Bit Axe
14:10 Wheelbarrow
16:52 Castle Age
14:37 Fishing Lines
16:06 Stone Mining
17:59 Bow Saw
21:01 Hand Cart
26:14 Ballistics
26:07 Horse Collar
30:05 Imperial Age
28:02 Fletching
28:13 Padded Archer Armor
28:48 Bodkin Arrow
28:55 Murder Holes
29:13 Careening
29:14 Clinker Construction
29:40 Leather Archer Armor
30:41 Heavy Plow
31:50 Chemistry
31:13 Carvel Hull
32:52 Two-Man Saw
32:07 Caravan
33:01 Dry Dock
33:45 Shipwright
33:58 Ring Archer Armor
33:53 Conscription
34:07 Gold Mining
35:05 Hoardings
34:16 Elite Cannon Galleon
36:12 Bracer
36:19 Scale Barding Armor
36:25 Forging
40:38 Chain Barding Armor
40:53 Iron Casting
42:03 Scale Mail Armor
42:56 Medium Warships
43:18 Fortified Wall
43:03 Murder Holes
43:15 Siphons
45:53 Bloodlines
45:43 Husbandry
45:12 Cavalier
45:16 Light Cavalry
46:57 Blast Furnace
46:35 Plate Barding Armor
46:22 Bombard Tower
46:32 Town Watch
46:11 Hussar
46:14 Paladin
春天里的老人
0:36 Loom
11:59 Feudal Age
15:59 Castle Age
17:19 Wheelbarrow
16:33 Double-Bit Axe
25:08 Fletching
26:30 Bodkin Arrow
33:53 Imperial Age
32:58 Horse Collar
33:34 Bow Saw
33:18 Gold Mining
34:45 Stone Mining
37:33 Fortified Wall
39:25 Drill
39:26 Conscription
39:26 Capped Ram
40:18 Siege Ram
42:27 Scale Mail Armor
42:38 Forging
42:00 Pikeman
42:42 Squires
43:53 Chain Mail Armor
50:32 Bracer
50:36 Padded Archer Armor
Connection lost

Rejoining the realm…

Still unreachable

The connection could not be restored.

Session expired

The server has moved on; the page needs a fresh start.